Map: Dash and Terminal LE (Void)

Players

PinheadLarry (Astrea) - Winner!

  • Race: Protoss Protoss
  • League: Diamond

desRow

  • Race: Protoss Protoss
  • League: Diamond

Event: ASL Season 5 Prime League LOTV Beta

VOD

Have the link to the VOD?

Description

Time

  • Played on: Sept. 6, 2015, 12:33 a.m.
  • Length: 10:21

All games in this series

Show
View Real Time Build Order
Export as new Build Order

PinheadLarry Protoss - Winner!

Build Orders: Oracle Opening, Blink Stalkers 

Get SALT Encoding   

  12  0:00  Probe (Chrono Boost)  
  13  0:10  Probe (Chrono Boost)  
  14  0:17  Pylon  
  14  0:21  Probe (Chrono Boost)  
  15  0:35  Probe (Chrono Boost)  
  16  0:37  Gateway  
  16  0:45  Probe (Chrono Boost)  
  16  0:48  Assimilator  
  17  0:51  Assimilator  
  17  0:55  Probe (Chrono Boost)  
  18  1:05  Probe (Chrono Boost)  
  18  1:08  Pylon  
  19  1:15  Probe (Chrono Boost)  
  20  1:25  Cybernetics Core, Probe (Chrono Boost)  
  21  1:35  Probe (Chrono Boost)  
  22  1:46  Probe (Chrono Boost)  
  23  1:58  Warp Gate (Chrono Boost)  
  23  2:01  Mothership Core (Chrono Boost), Stalker  
  27  2:16  Pylon  
  27  2:23  Probe  
  27  2:24  Stargate  
  28  2:38  Gateway  
  28  2:39  Gateway  
  28  2:47  Twilight Council  
  28  2:48  Probe  
  29  3:06  Oracle (Chrono Boost)  
  30  3:32  Blink (Chrono Boost)  
  29  3:45  Pylon  
  29  3:54  Stalker  
  29  3:55  Stalker  
  33  4:05  Stalker  
  33  4:09  Probe, Pylon  
  36  4:20  Pylon  
  36  4:22  Probe  
  37  4:32  Nexus  
  36  4:41  Mothership Core  
  38  4:47  Stalker  
  38  4:48  Stalker  
  42  4:53  Stalker  
  44  5:09  Probe  
  45  5:21  Probe  
  46  5:33  Probe  
  46  5:34  Pylon  
  47  5:36  Pylon  
  47  5:45  Stalker x3, Probe  
  47  5:47  Probe  
  55  5:55  Probe  
  55  5:59  Probe  
  57  6:05  Probe  
  57  6:11  Probe  
  59  6:12  Robotics Facility  
  59  6:15  Probe  
  60  6:23  Probe  
  60  6:25  Probe  
  61  6:27  Sentry x2  
  61  6:31  Assimilator  
  61  6:32  Assimilator  
  66  6:35  Probe x2  
  68  6:44  Pylon  
  68  6:45  Probe, Pylon  
  68  6:47  Probe  
  68  6:55  Probe  
  68  6:59  Probe  
  70  7:05  Probe  
  71  7:11  Probe  
  71  7:12  Immortal (Chrono Boost)  
  74  7:16  Probe  
  74  7:17  Stalker x3  
  77  7:23  Probe  
  77  7:26  Probe, Forge  
  77  7:29  Pylon  
  79  7:46  Immortal (Chrono Boost)  
  83  7:53  Stalker x3  
  83  7:57  Pylon, Protoss Ground Weapons Level 1 (Chrono Boost)  
  89  7:59  Gateway  
  89  8:00  Gateway  
  89  8:09  Photon Cannon  
  89  8:10  Pylon  
  89  8:25  Sentry, Stalker x2, Immortal (Chrono Boost)  
  95  8:48  Stalker x2  
  95  8:49  Stalker  
  95  8:52  Pylon  
  95  8:53  Immortal (Chrono Boost)  
  95  8:54  Pylon  
  105  9:05  Pylon  
  105  9:10  Stalker x2  
  106  9:24  Stalker  
  106  9:25  Stalker  
  106  9:26  Immortal  
  108  9:36  Sentry  
  108  9:37  Sentry  
  108  9:38  Stalker  
  110  9:53  Stalker x2  
  110  9:56  Pylon  
  116  10:07  Stalker x2  
  116  10:12  Stalker  
Show
View Real Time Build Order
Export as new Build Order

desRow Protoss 

Build Orders:  

Get SALT Encoding   

  12  0:01  Probe (Chrono Boost)  
  13  0:11  Probe (Chrono Boost)  
  14  0:19  Pylon  
  14  0:21  Probe (Chrono Boost)  
  15  0:37  Probe (Chrono Boost)  
  15  0:38  Gateway  
  16  0:44  Assimilator  
  16  0:47  Probe (Chrono Boost)  
  17  0:56  Pylon  
  17  0:57  Probe (Chrono Boost)  
  17  1:02  Assimilator  
  18  1:08  Probe (Chrono Boost)  
  19  1:18  Probe (Chrono Boost)  
  20  1:21  Gateway  
  20  1:30  Cybernetics Core  
  20  1:33  Probe (Chrono Boost)  
  21  1:44  Probe (Chrono Boost)  
  22  1:54  Probe (Chrono Boost)  
  23  2:05  Warp Gate (Chrono Boost)  
  23  2:07  Mothership Core (Chrono Boost)  
  25  2:10  Stalker (Chrono Boost)  
  25  2:13  Stalker (Chrono Boost)  
  29  2:18  Pylon  
  29  2:27  Probe  
  30  2:38  Stalker (Chrono Boost)  
  30  2:39  Probe  
  35  2:44  Stalker (Chrono Boost)  
  35  2:51  Probe  
  36  3:04  Probe  
  39  3:21  Nexus  
  39  3:26  Pylon  
  39  3:28  Sentry  
  39  3:35  Robotics Facility  
  39  3:44  Probe  
  38  4:00  Probe  
  35  4:13  Probe  
  36  4:21  Observer (Chrono Boost)  
  37  4:25  Probe  
  37  4:30  Stalker x2  
  42  4:33  Probe  
  42  4:37  Probe  
  44  4:43  Probe  
  45  4:49  Probe  
  45  4:51  Pylon  
  46  4:53  Stalker, Probe  
  49  5:03  Stalker  
  51  5:15  Immortal  
  52  5:32  Stalker x2  
  56  5:39  Pylon  
  55  5:43  Probe  
  55  5:44  Probe  
  57  5:53  Probe  
  56  6:10  Stalker x2  
  60  6:12  Warp Prism (Chrono Boost)  
  62  6:19  Pylon  
  62  6:31  Gateway x2  
  62  6:35  Stalker  
  62  6:38  Stalker  
  66  7:05  Stalker x2  
  66  7:15  Immortal (Chrono Boost)  
  68  7:18  Pylon  
  68  7:25  Probe x2  
  70  7:34  Stalker x2  
  70  7:35  Stalker x2  
  70  7:53  Warp Prism  
  72  8:02  Stalker x3  
  78  8:32  Stalker x3  
  78  8:33  Stalker  
  84  8:42  Gateway  
  84  8:53  Adept x2  
  84  8:55  Immortal  
  92  8:56  Adept  
  94  9:03  Pylon  
  80  9:38  Stalker x3  
  80  9:39  Stalker  
  84  9:57  Assimilator  
  84  9:58  Assimilator  
  88  10:05  Stalker x2  
  88  10:06  Stalker x2  
  88  10:09  Adept  
Tags
 
Add a new tag
Caveats
  • Supply blocks, unpowered buildings, or Contaminate may cause inaccurate times.
  • Supply counts are checked every 10 seconds.